 Seeded DCSS version 0.30.0-18-gc0e69614cb (webtiles) character file.

Game seed: 6351066067085065685 (custom seed)

5 Esekla the Grave Robber (level 1, 0/9 (10) HPs)
             Began as a Deep Elf Necromancer on May 25, 2023.
             Frozen to death by an endoplasm (3 damage)
             ... on level 1 of the Dungeon.
             The game lasted 00:02:14 (336 turns).

Esekla the Grave Robber (Deep Elf Necromancer)       Turns: 336, Time: 00:02:15

HP:   0/9 (10)      AC:  2    Str:  5    XL:     1   Next: 66%
MP:   6/6           EV: 12    Int: 19    God:
Gold: 0             SH:  0    Dex: 15    Spells: 5/6 levels left

rFire   . . .        c - +0 short sword
rCold   . . .        (no shield)
rNeg    . . .        a - +0 robe
rPois   .            (no helmet)
rElec   .            (no cloak)
rCorr   .            (no gloves)
SInv    .            (no boots)
Will    .....        (no amulet)
Stlth   ++           (no ring)
HPRegen 0.21/turn    (no ring)
MPRegen 0.10/turn

%: no passive effects
@: heavily drained
A: no striking features
a: no special abilities


You were on level 1 of the Dungeon.
You visited 1 branch of the dungeon, and saw 1 of its levels.

Inventory:

Hand Weapons
 c - a +0 short sword (weapon)
Armour
 a - a +0 robe (worn)
Scrolls
 e - a scroll of fear {unknown}
 f - a scroll of identify {unknown}
Potions
 b - a potion of magic
 d - a potion of ambrosia {unknown}


   Skills:
 * Level 0.3 Fighting
 * Level 2.4 Dodging
 + Level 2.4 Stealth
 * Level 3.0 Spellcasting
 + Level 5.1 Necromancy


You had 5 spell levels left.
You knew the following spells:

 Your Spells              Type           Power      Damage    Failure   Level
a - Necrotise             Necr           88%        1d8       1%          1

Your spell library contained the following spells:

 Spells                   Type           Power      Damage    Failure   Level
 Vampiric Draining        Necr           22%        2d7       5%          3
 Animate Dead             Necr           22%        N/A       19%         4
 Agony                    Necr           22%        N/A       45%         5


Dungeon Overview and Level Annotations

Branches:
Dungeon (1/15)

Altars:


Message History

You enter the shallow water.
Moving in this stuff is going to be slow.
You see here a frilled lizard corpse.
A ball python comes into view.
The goblin attacks as you move away!
The goblin hits you with a +1 dagger of draining.
You feel drained.
There is an open door here.
You closely miss the goblin. You hit the goblin.
The goblin is moderately wounded.
The goblin splashes around in the water.
You hit the goblin but do no damage.
The goblin is moderately wounded.
The goblin splashes around in the water.
You closely miss the goblin.
The goblin is moderately wounded.
The goblin splashes around in the water.
The endoplasm jiggles.
The goblin attacks as you move away!
The goblin hits you with a +1 dagger of draining.
You feel drained. The goblin attacks as you move away! The goblin misses you.
You closely miss the goblin.
The goblin is moderately wounded.
The goblin closely misses you.
You hit the goblin but do no damage.
The goblin is moderately wounded.
The goblin completely misses you.
You hit the goblin.
You kill the goblin!
You hit the endoplasm.
The endoplasm is heavily wounded.
The endoplasm freezes you.
You are frozen.
You hit the endoplasm.
The endoplasm is almost dead.
The endoplasm freezes you.
You are frozen.
You die...

#.# #.# #.#
#.#####..###.#
#.....##...#.#
###'### #...#
#≈≈†≈≈#####..####
#≈~≈~≈#.........#
#~≈~≈~#.........#
#≈~≈~≈#.........#
####'###@####.####
#.....SJ.# #.#
#......### ..
#.....##..# ##.
......#...... .#
........#.#### #
#.###...... ..
#.#..... ..#......


You could see an endoplasm and a ball python.

Vanquished Creatures
  A ball python (D:1)
  A goblin (D:1)
  A frilled lizard (D:1)
  2 kobolds (D:1)
5 creatures vanquished.

Notes
Turn   | Place    | Note
-------+----------+-------------------------------------------
     0 | D:1      | Esekla the Deep Elf Necromancer began the quest for the
                  | Orb.
     0 | D:1      | Reached XP level 1. HP: 10/10 MP: 6/6
   307 | D:1      | Reached skill level 5 in Necromancy
   336 | D:1      | Frozen to death by an endoplasm

Illustrated notes

Levels and vault maps discovered:
D:1:      sevenhm_arrival_forest_fort_small_3, layout_rooms,
          chequers_serial_rivers_room_b, minmay_misc_feat_five

Skill      XL: |  1 |
---------------+----+-----
Necromancy     | 5 |  5.1
Fighting       | |  0.3
Dodging        | |  2.4
Stealth        | |  2.4
Spellcasting   | |  3.0

Action                     || total
---------------------------++-------
  Melee: Short sword       ||    17
         Unarmed           ||    12
 Armour: Robe              ||     7
  Dodge: Dodged            ||     8
